 Dungeon Crawl Stone Soup version 0.21-a0-504-g2eda330 (webtiles) character file.

1640 tof the Twirler (level 8, -7/62 HPs)
             Began as a Demonspawn Gladiator on Nov 26, 2017.
             Killed from afar by a wretched star (21 damage)
             ... with an orb of energy
             ... on level 1 of the Abyss.
             The game lasted 00:08:41 (5040 turns).

tof the Twirler (Demonspawn Gladiator)              Turns: 5040, Time: 00:08:42

Health: -7/62      AC: 13    Str: 16    XL:     8   Next: 66%
Magic:  17/17      EV: 14    Int:  9    God:
Gold:   333        SH:  0    Dex: 16    Spells: 7/7 levels left

rFire    . . .     SeeInvis .   a - +0 quarterstaff
rCold    . . .     Gourm    .   (shield currently unavailable)
rNeg     . . .     Faith    .   p - +3 ring mail
rPois    .         Spirit   .   c - +0 helmet
rElec    .         Reflect  .   b - +0 cloak (curse)
rCorr    .         Harm     .   (no gloves)
MR       .....                  o - +0 pair of boots
Stlth    +.........             (no amulet)
HPRegen  0.20/turn              y - ring of magical power
MPRegen  0.15/turn              (no ring)

@: no status effects
A: claws 1, thin metallic scales 1, powered by death 1, spiny 1, [no potion heal
2]
a: no special abilities


You were on level 1 of the Abyss.
You were not hungry.

You visited 2 branches of the dungeon, and saw 7 of its levels.
You visited the Abyss 1 time.

You collected 333 gold pieces.

Inventory:

Hand Weapons
 a - a +0 quarterstaff (weapon)
Missiles
 d - 3 throwing nets
 l - 30 poisoned needles
 F - 2 javelins (quivered)
Armour
 b - a cursed +0 cloak (worn)
 c - a +0 helmet (worn)
 o - a +0 pair of boots (worn)
 p - a +3 ring mail (worn)
 r - a +0 pair of gloves
Jewellery
 y - a ring of magical power (left claw)
Wands
 B - a wand of enslavement (18)
 E - a wand of scattershot (6)
 H - a wand of iceblast (6)
Scrolls
 h - a scroll of blinking {unknown}
 j - a scroll of magic mapping {unknown}
 n - 3 scrolls of identify {unknown}
 q - 4 scrolls of amnesia {unknown}
 t - 3 scrolls of teleportation {unknown}
 u - 2 scrolls of remove curse {unknown}
 A - 2 scrolls of enchant armour {unknown}
 I - a scroll of noise {unknown}
Potions
 e - 2 potions of lignification {unknown}
 i - 4 potions of curing {unknown}
 k - a potion of mutation {unknown}
 s - a potion of invisibility {unknown}
 v - 4 potions of might {unknown}
 w - a potion of degeneration {unknown}
 x - a potion of agility {unknown}
 z - 3 potions of heal wounds {unknown}
 C - a potion of brilliance {unknown}
Comestibles
 f - 6 bread rations
 g - a royal jelly
 m - 5 fruits
 D - a meat ration
 G - a chunk of flesh


   Skills:
 + Level 5.2 Fighting
 * Level 6.9 Staves
 + Level 4.7 Throwing
 + Level 5.2 Dodging


You had 7 spell levels left.
You didn't know any spells.

Dungeon Overview and Level Annotations

Branches:
Dungeon (6/15)             Temple (1/1) D:4

Altars:
Ashenzari
Dithmenos
Elyvilon
Fedhas
Gozag
Hepliaklqana
Kikubaaqudgha
Nemelex Xobeh
Okawaru
Qazlal
Ru
Sif Muna
Trog
Vehumet
Xom
Yredelemnul
Zin
The Shining One

Annotations:
D:6 Dowan


Innate Abilities, Weirdness & Mutations

You have sharp fingernails.
You are partially covered in thin metallic scales. (AC +2)
You regenerate a little health from kills.
You are partially covered in sharp spines.
[Potions are poor at restoring your health.]


Message History

The orb of energy hits you!
A large abomination comes into view.
Found an arbalest.
You see here a scale mail.
Found a scroll labeled YTHAOHO LAAME.
The wretched star glows turbulently.
The orb of energy hits you!
The wretched star pulses with an eldritch light!
Your system partially rejects the healing effects of potions.
Your system mostly rejects the healing effects of potions.
You see here a scroll labeled YTHAOHO LAAME.
n - 3 scrolls labeled YTHAOHO LAAME (gained 1)
The wretched star glows turbulently.
The orb of energy hits you!
The wretched star glows turbulently.
The orb of energy hits you!
* * * LOW HITPOINT WARNING * * *
The wretched star glows turbulently.
The orb of energy hits you!
You die...

##.. ...#. ...
##...####...##
..#..#.#.#.##..#
#.#.#.#..#....##*.
...#..#.#..## .[..
..#......#*X##...
##....##...##.#...
#..##..#. .# #..##
#@.#...#.....#..#
#......*#....#.#.
##....#..##. #. ..
#.#.##.## ....#..
#.###### # . . ###
#.#. ...


You could see a wretched star.

Vanquished Creatures
  A troll (D:6)
  An ice beast (D:5)
  An ogre (D:5)
  A scorpion (D:4)
  6 killer bees (D:5)
  A bullfrog zombie (D:5)
  A crimson imp (D:5)
  2 jellies
  A bullfrog skeleton (D:5)
  4 hounds
  3 orc priests
  An iguana (D:4)
  4 worker ants
  4 orc wizards
  A hound zombie (D:6)
  2 hound skeletons
  3 gnolls (D:5)
  8 adders
  2 shadow imps (D:5)
  2 oozes (D:1)
  An adder skeleton (D:6)
  3 worms
  4 dart slugs
  2 leopard geckos
  28 orcs
  11 bats
  12 giant cockroaches
  7 goblins
  9 hobgoblins
  10 jackals
  3 quokkas
  8 frilled lizards
  6 kobolds
  A leopard gecko skeleton (D:4)
  A leopard gecko zombie (D:6)
  A quokka zombie (D:2)
  15 rats
171 creatures vanquished.

Notes
Turn   | Place    | Note
-------+----------+-------------------------------------------
     0 | D:1      | tof the Demonspawn Gladiator began the quest for the Orb.
     0 | D:1      | Reached XP level 1. HP: 16/16 MP: 1/1
    38 | D:1      | Gained mutation: You are partially covered in thin metallic scales. (AC +2) [demonic ancestry]
    38 | D:1      | Reached XP level 2. HP: 5/22 MP: 2/2
   281 | D:1      | Reached skill level 3 in Staves
   583 | D:1      | Reached XP level 3. HP: 28/28 MP: 3/3
  1211 | D:2      | Gained mutation: You have sharp fingernails. [demonic ancestry]
  1211 | D:2      | Reached XP level 4. HP: 32/34 MP: 4/4
  1920 | D:3      | Gained mutation: You are partially covered in sharp spines. [demonic ancestry]
  1920 | D:3      | Reached XP level 5. HP: 22/40 MP: 5/5
  2120 | D:3      | Reached skill level 4 in Staves
  2692 | D:3      | Gained mutation: You regenerate a little health from kills. [demonic ancestry]
  2692 | D:3      | Reached XP level 6. HP: 46/47 MP: 6/6
  2748 | D:4      | Found a staircase to the Ecumenical Temple.
  2760 | Temple   | Entered the Ecumenical Temple
  3627 | D:5      | Entered Level 5 of the Dungeon
  3658 | D:5      | Reached skill level 5 in Staves
  3658 | D:5      | Reached XP level 7. HP: 49/53 MP: 7/7
  3839 | D:5      | Found a white marble altar of Elyvilon.
  4053 | D:5      | Reached XP level 8. HP: 60/61 MP: 8/8
  4089 | D:5      | Reached skill level 6 in Staves
  4377 | D:5      | Found a basalt altar of Yredelemnul.
  4456 | D:6      | Noticed a troll
  4469 | D:6      | HP: 1/61 [troll (11)]
  4470 | D:6      | Killed a troll
  4470 | D:6      | Reached skill level 5 in Fighting
  4470 | D:6      | Reached skill level 5 in Dodging
  4933 | D:6      | Noticed Dowan
  4986 | D:6      | Cast into level 1 of the Abyss (Dowan)
  5020 | Abyss:1  | Noticed a wretched star
  5021 | Abyss:1  | Noticed a large abomination
  5040 | Abyss:1  | Killed from afar by a wretched star

Vault maps used:
D:1:      minmay_arrival_plants_in_alcoves, st_stairs_9
D:3:      first_bread, grunt_ministairs_11
D:4:      minmay_temple_entry_glassed_door, nicolae_underground_beach
D:5:      elyvilon_altar_1, marbit_many_paths
D:6:      uniq_duvessa
Temple:   regret_index_temple_sphere_string

Skill      XL: |  1  2  3  4  5  6  7  8 |
---------------+-------------------------+-----
Staves         | 3 4 5 6 |  6.9
Throwing       | 2 3 4 |  4.7
Dodging        | 3 4 5 |  5.2
Fighting       | 3 4 5 |  5.2

Action                   |  1- 3 |  4- 6 |  7- 9 || total
-------------------------+-------+-------+-------++-------
Melee: Quarterstaff      |   134 |   231 |   136 ||   501
  Eat: Chunk             |     1 |     8 |     5 ||    14
Armor: Leather armour    |    10 |       |       ||    10
       Scale mail        |    78 |    10 |       ||    88
       Ring mail         |       |   135 |    66 ||   201
Dodge: Dodged            |    97 |   195 |    89 ||   381

Table legend:
 A = Spawn XP
 B = Non-spawn XP
 C = Spawn XP percentage of total XP
 D = Spawn monster count
 E = Non-spawn monster count
 F = Spawn count percentage of total count
 G = Total turns spent on level
                    A         B        C        D         E        F      G
               +---------+---------+-------+---------+---------+-------+---------
         Total |       0 |    2343 |   0.0 |       0 |     171 |   0.0 |  5040
               +---------+---------+-------+---------+---------+-------+---------
           D:1 |       0 |      89 |   0.0 |       0 |      39 |   0.0 |  1133
           D:2 |       0 |      64 |   0.0 |       0 |      24 |   0.0 |   672
           D:3 |       0 |     259 |   0.0 |       0 |      45 |   0.0 |   936
           D:4 |       0 |     279 |   0.0 |       0 |      18 |   0.0 |   742
           D:5 |       0 |    1066 |   0.0 |       0 |      30 |   0.0 |   785
           D:6 |       0 |     586 |   0.0 |       0 |      15 |   0.0 |   574
               +---------+---------+-------+---------+---------+-------+---------
